Unix NetHack Version 5.0.0-0 post-release - last build May 10 2026 23:12:36 (d1fa5d53e341ca933230fdaa984d921c805b60aa,branch:main).

Game began 2026-05-13 12:29:51, ended 2026-05-13 13:18:48.

Fletchius, chaotic male elven Wizard

                    ----   .-- ---
                    |..----..| |..|
                    |....--..---..---       ..
                    |...............|-------...
                   --.------.|......|.|.)%)....
                   |..|    -##-..........---- .
                   |.--       |........)--
     `         ----|.|        |........--
      # ---    |...|.|    -----........|
      -@-..-   #...|.|    |..|.........|
      -.r...|# |.|.|.|    -..[.........|
     ......-#---.|.#.|   |..)...--....--
      --.........|.|.|   |......|--..--
       --..------|.|.#-  --.....| |..--
        |..|     |....-   ---..<| |...|
         ---     ---...      ---- --..|
                   --.             ----

Fletchius the Conjurer    St:12 Dx:15 Co:9 In:20 Wi:9 Ch:11  Chaotic
Dlvl:4  $:114 HP:0(16) Pw:7(37) AC:8  Xp:4/150 T:1541  Burdened

Latest messages:
 You see here a dart.
 You swap places with your horned devil.
 Click!  The manes triggers a rolling boulder trap.
 You see here a dart.
 The horned devil drops a crossbow bolt.
 The horned devil picks up a crossbow bolt.
 The horned devil drops a crossbow bolt.
 The gnome throws a dagger!
 It is missed.
 The dagger misses the manes.
 You are hit by a dagger.
 In what direction? l
 The spell misses the manes.
 The horned devil hits the manes.
 The horned devil misses the manes.
 The horned devil bites the manes.
 The manes is destroyed!
 The gnome throws a dagger!
 The dagger hits the manes.
 The horned devil picks up a crossbow bolt.
 Click!  The manes triggers a rolling boulder trap.
 You miss the manes.
 The manes hits!
 The manes hits again!
 The manes bites!
 The gnome picks up a dagger.
 You hit the manes.
 The manes hits!
 The manes hits again!
 The manes bites!
 You destroy the manes!
 Click!  The rabid rat triggers a rolling boulder trap.
 The horned devil drops a crossbow bolt.
 The gnome throws a dagger!
 The dagger hits the rabid rat.
 The horned devil hits the rabid rat.
 The horned devil misses the rabid rat.
 The horned devil bites the rabid rat.
 The horned devil misses the rabid rat.
 The rabid rat misses the horned devil.
 The rabid rat just misses!
 You are carrying too much to get through.
 You don't have enough energy to cast that spell.
 You hit the rabid rat.
 The rabid rat bites!
 The rabid rat's bite was poisoned!
 Your movements are slowed slightly because of your load.
 You feel very sick!
 You die...
 Do you want your possessions identified? [ynq] (y) q

Inventory:
 Coins    ('$')
  $ - 114 gold pieces
 Weapons  (')')
  o - 6 +0 elven arrows
  J - a +0 dagger
  y - the +0 Sting (weapon in left hand)
  a - a blessed +1 quarterstaff
 Armor    ('[')
  x - an uncursed +0 orcish helm (being worn)
  b - an uncursed +0 cloak of magic resistance (being worn)
 Comestibles  ('%')
  v - an uncursed food ration
 Scrolls  ('?')
  D - an uncursed scroll of confuse monster
  C - an uncursed scroll of destroy armor
  i - an uncursed scroll of earth
  j - 2 uncursed scrolls of enchant armor
  p - a cursed scroll of identify
  q - an uncursed scroll of light
 Spellbooks  ('+')
  k - a blessed spellbook of force bolt
  s - an uncursed spellbook of healing
  t - a blessed spellbook of light
  l - a blessed spellbook of sleep
 Potions  ('!')
  f - an uncursed potion of enlightenment
  H - a blessed potion of healing
  u - an uncursed potion of invisibility
  A - an uncursed potion of oil
 Rings    ('=')
  d - an uncursed ring of polymorph
  e - an uncursed ring of teleport control
 Wands    ('/')
  c - a wand of polymorph (0:2)
  F - a wand of slow monster (0:5)
 Tools    ('(')
  n - an uncursed wooden harp
  w - an uncursed brass lantern (lit)
  r - an expensive camera (0:71)
  m - a magic marker (0:20)
  I - a +0 pick-axe
 Gems/Stones  ('*')
  B - an uncursed black opal
  G - an uncursed worthless piece of blue glass
  z - 2 uncursed worthless pieces of green glass
  E - an uncursed worthless piece of white glass

Fletchius the Wizard's attributes:

Background:
 You were a Conjurer, a level 4 male elven Wizard.
 You were chaotic, on a mission for Anhur
 who was opposed by Ptah (lawful) and Thoth (neutral).
 You were left-handed.
 You were in the Gnomish Mines, on level 4.
 You entered the dungeon 1541 turns ago.
 You had 150 experience points, 10 more were needed to attain level 5.

Basics:
 You had 0 out of 16 hit points.
 You had 7 out of 37 energy points (spell power).
 Your armor class was 8.
 Your wallet contained 114 zorkmids.
 Autopickup was off.

Final Characteristics:
 Your strength was 12 (limit:18).
 Your dexterity was 15 (limit:18).
 Your constitution was 9 (peak:12, limit:16).
 Your intelligence was 20 (limit:20).
 Your wisdom was 9 (limit:20).
 Your charisma was 11 (limit:18).

Final Status:
 You weren't hungry.
 You were burdened; movement was slightly slowed.
 You were wielding a dagger.
 You had basic skill with dagger.

Final Attributes:
 You were devoutly aligned.
 You were magic-protected.
 You were sleep resistant.
 You were aware of the presence of orcs.
 You had infravision.
 You were warded.
 You are dead.

Miscellaneous:
 You didn't encounter any bones levels.
 Total elapsed playing time was 48 minutes and 56 seconds.

Major events:
 Turn
    1: Fletchius the chaotic male elven Wizard entered the dungeon
  877: became literate by naming Sting
  890: entered the Gnomish Mines
  906: attained the rank of Conjurer (level 3)
 1541: killed by a rabid rat

Spells:
 Name                 Level Category     Fail Retention
 force bolt             1   attack         0%  91%-100%
 sleep                  3   enchantment    0%  91%-100%
 healing                1   healing        0%  76%-100%
 light                  1   divination     0%  76%-100%

Skills:
 Fighting Skills
   bare handed combat [Unskilled]
   riding             [Unskilled]
 Weapon Skills
   dagger             [Basic]
   knife              [Unskilled]
   axe                [Unskilled]
   short sword        [Unskilled]
   club               [Unskilled]
   mace               [Unskilled]
   quarterstaff       [Basic]
   polearms           [Unskilled]
   spear              [Unskilled]
   trident            [Unskilled]
   sling              [Unskilled]
   dart               [Unskilled]
   shuriken           [Unskilled]
 Spellcasting Skills
   attack spells      [Basic]
   healing spells     [Unskilled]
   divination spells  [Unskilled]
   enchantment spells [Basic]
   clerical spells    [Unskilled]
   escape spells      [Unskilled]
   matter spells      [Unskilled]

Voluntary challenges:
 Character rerolling was not enabled.
 You never genocided any monsters.
 You never polymorphed an object.
 You never changed form.
 You used no wishes.
Achievements:
 You entered the Gnomish Mines.
 You attained the rank of Conjurer.

 The Dungeons of Doom: levels 1 to 3
    Level 1:
       A fountain.
    Level 2:
       Stairs down to The Gnomish Mines.
    Level 3:
       An altar.
 The Gnomish Mines: levels 3 to 4
    Level 3:
    Level 4: <- You were here.
       Final resting place for
          you, killed by a rabid rat.


Vanquished creatures:
  2 gnome leaders
  a gnomish wizard
  a kitten
  4 dwarves
 an acid blob
  a hobbit
  2 manes
  a cave spider
  a green mold
 12 gnomes
  2 geckos
  3 jackals
  2 goblins
  a bat
  a lichen
  a kobold zombie
  8 newts
44 creatures vanquished.

No species were genocided or became extinct.

Game over:
                       ----------
                      /          \
                     /    REST    \
                    /      IN      \
                   /     PEACE      \
                  /                  \
                  |    Fletchius     |
                  |      114 Au      |
                  |   killed by a    |
                  |    rabid rat     |
                  |                  |
                  |                  |
                  |       2026       |
                 *|     *  *  *      | *
        _________)/\\_//(\/(/\)/\//\/|_)_______

Goodbye Fletchius the Wizard...

You died in The Gnomish Mines on dungeon level 4 with 853 points,
and 114 pieces of gold, after 1541 moves.
You were level 4 with a maximum of 16 hit points when you died.

